 Dungeon Crawl Stone Soup version 0.30-a0-618-gd6c86c23d0 (webtiles) character file.

Game seed: 12420514289573322371

5041 Monkooky the Geomancer (level 10, -5/58 HPs)
             Began as a Gargoyle Earth Elementalist on Jan 9, 2023.
             Was a Believer of Sif Muna.
             Slain by a two-headed ogre
             ... wielding a +0 giant club
              (12 damage)
             ... on level 8 of the Dungeon.
             The game lasted 00:19:47 (8880 turns).

Monkooky the Geomancer (GrEE)                       Turns: 8880, Time: 00:19:48

Health: -5/58      AC: 15    Str: 11    XL:     10   Next: 55%
Magic:  13/15      EV: 11    Int: 21    God:    Sif Muna [**....]
Gold:   426        SH:  0    Dex: 10    Spells: 10/16 levels left

rFire   . . .      SeeInvis .    n - staff of conjuration
rCold   . . .      Faith    .    (no shield)
rNeg    + . .      Spirit   .    F - +2 robe {Will+}
rPois   ∞          Reflect  .    k - +0 helmet
rElec   +          Harm     .    z - +0 cloak
rCorr   .          Rampage  .    (no gloves)
Will    +....                    J - +0 pair of boots
Stlth   ++                       (no amulet)
HPRegen 0.29/turn                (no ring)
MPRegen 0.14/turn                (no ring)

@: no status effects
A: sickness immunity, AC +7, negative energy resistance 1, electricity
resistance, torment resistance 1, petrification resistance
a: Renounce Religion, Channel Magic


You were on level 8 of the Dungeon.
You worshipped Sif Muna.
Sif Muna was pleased with you.
You visited 1 branch of the dungeon, and saw 8 of its levels.

You collected 426 gold pieces.

Inventory:

Hand Weapons
 s - a +2 whip of venom
 B - a +0 quarterstaff
Missiles
 r - 16 poisoned darts
 H - 2 curare-tipped darts
Armour
 a - a +0 robe
 k - a +0 helmet (worn)
 y - a scarf of resistance
 z - a +0 cloak (worn)
 F - a +2 robe of willpower (worn)
 J - a +0 pair of boots (worn)
Magical Staves
 n - a staff of conjuration (weapon)
 v - a staff of fire
 I - a staff of cold
Wands
 x - a wand of paralysis (16)
 A - a wand of flame (23)
 D - a wand of quicksilver (9)
 M - a wand of iceblast (8)
Scrolls
 c - a scroll of fog
 f - 2 scrolls of enchant weapon
 h - 8 scrolls of teleportation
 j - 3 scrolls of butterflies
 m - 3 scrolls of vulnerability
 o - a scroll of noise
 p - 3 scrolls of fear
 u - a scroll of acquirement
 w - a scroll of enchant armour
 G - a scroll of poison {unknown}
 K - a scroll of torment {unknown}
 L - a scroll of silence
Potions
 b - a potion of magic
 d - a potion of attraction {unknown}
 e - 2 potions of degeneration {unknown}
 g - 2 potions of invisibility {unknown}
 i - 3 potions of mutation {unknown}
 l - a potion of cancellation {unknown}
 q - 2 potions of heal wounds {unknown}
 t - 3 potions of brilliance {unknown}
 C - 2 potions of lignification {unknown}
 E - 4 potions of curing {unknown}
 N - a potion of might {unknown}


   Skills:
 - Level 4.5 Fighting
 - Level 4.1 Armour
 - Level 1.5 Dodging
 - Level 2.1 Stealth
 - Level 3.7 Spellcasting
 - Level 8.7 Conjurations
 - Level 0.7 Transmutations
 - Level 10.1 Earth Magic
 - Level 6.0 Invocations
 * Level 4.6 Evocations


You had 10 spell levels left.
You knew the following spells:

 Your Spells              Type           Power      Damage    Failure   Level
a - Sandblast             Erth           92%        2d19      1%          1
b - Passwall              Tmut/Erth      21%        N/A       1%          2
c - Stone Arrow           Conj/Erth      100%       3d13      1%          3

Your spell library contained the following spells:

 Spells                   Type           Power      Damage    Failure   Level
 Momentum Strike          Conj/Tloc      66%        3d9       3%          2
 Apportation              Tloc           6%         N/A       12%         1
 Petrify                  Tmut/Erth      26%        N/A       13%         4
 Teleport Other           Tloc           3%         N/A       36%         3
 Summon Forest            Summ/Tloc      1%         N/A       98%         5


Dungeon Overview and Level Annotations

Branches:
Dungeon (8/15)             Temple (0/1) D:5            Lair (0/5) D:8

Altars:
Dithmenos
Sif Muna

Annotations:
D:3 1 runed translucent door, lotum's ghost, amateur DEAE
D:5 3 runed translucent doors, sigtrap's ghost, novice KoBr
D:6 1 runed translucent door, Crazy Yiuf
D:7 exclusion: downstairs


Innate Abilities, Weirdness & Mutations

You are immune to sickness and miasma.
Your stone body is resilient. (AC +7)
You are immune to poison.
You resist negative energy. (rN+)
You are resistant to electric shocks. (rElec)
You are resistant to unholy torment.
You are immune to petrification.


Message History

You hear a shout!
An orc wizard comes into view. It is wielding a +0 dagger.
Casting: Stone Arrow (safe; 1% risk of failure)
Confirm with . or Enter, or press ? or * to list all spells.
Aiming: Stone Arrow (safe; 1% risk of failure)
Press: ? - help, Shift-Dir - straight line, f/p - water moccasin
Aim: a water moccasin (heavily wounded, 63% to hit)
You feel a surge of power!
The stone arrow hits the water moccasin!!
You kill the water moccasin!
Sif Muna accepts your kill.
The orc shouts!
You hear a shout!
The two-headed ogre shouts in stereo!
There is a stone staircase leading up here.
The orc wizard gestures at you while chanting.
You resist with almost no effort.
You climb upwards.
Level annotation: exclusion: downstairs
There is a stone staircase leading down here.
You start resting.
Magic restored.
You climb downwards.
The two-headed ogre hits you with a +0 giant club!!
The two-headed ogre hits you but does no damage.
There is a stone staircase leading up here.
The two-headed ogre attacks as you move away!
The two-headed ogre hits you with a +0 giant club!!
The two-headed ogre misses you.
Casting: Stone Arrow (safe; 1% risk of failure)
Confirm with . or Enter, or press ? or * to list all spells.
Aiming: Passwall (safe; 1% risk of failure)
Press: ? - help, Dir - move target A rock wall.
The orc wizard hits you but does no damage.
You begin to meditate on the wall.
You continue meditating on the rock.
The orc wizard hits you but does no damage.
The two-headed ogre hits you with a +0 giant club!
* * * LOW HITPOINT WARNING * * *
The two-headed ogre hits you with a +0 giant club!
You die... .g. .z. #.......# ... .zz #.......# F.## ##.. ##.###### ..! :oo #>.....# ..#.. #......# gc.

#......# #S#
#......# #.#
###......# #o##
#..@O....# #.O#
#.#o.....# ##.##
#.oo§....#
#..####[._..####
#####o)..))....<.#
#[..O...#).......#
#.<[.c..#.[......#
#.......#....[...#
#.......#.......[##


You could see a two-headed ogre, an orc wizard and 2 orcs.

Vanquished Creatures
  Pikel (D:6)
  Maurice (D:8)
  Grinder (D:5)
  Sigmund (D:5)
  6 yaks
  A wyvern (D:8)
  A basilisk (D:8)
  A steam dragon (D:7)
  Menkaure (D:6)
  Duvessa (D:6)
  2 ice beasts
  An orc warrior (D:8)
  2 water moccasins
  A black bear (D:8)
  A centaur (D:8)
  A lemure (D:6)
  2 kobold brigands
  3 phantoms
  A bullfrog (D:8)
  3 scorpions
  A necrophage (D:4)
  5 wights (D:8)
  Dowan (D:6)
  A howler monkey (D:5)
  6 hounds
  3 jellies
  2 orc priests
  Jessica (D:3)
  4 iguanas
  An orc wizard (D:5)
  A gnoll (D:8)
  6 adders
  2 white imps (D:5)
  An ufetubus (D:7)
  3 dart slugs
  27 orcs
  7 ball pythons
  7 endoplasms
  5 giant cockroaches
  9 hobgoblins
  2 jackals (D:1)
  10 kobolds
  4 quokkas
  9 bats
  4 frilled lizards
  6 goblins
  5 rats
165 creatures vanquished.

Notes
Turn   | Place    | Note
-------+----------+-------------------------------------------
     0 | D:1      | Monkooky the Gargoyle Earth Elementalist began the quest
                  | for the Orb.
     0 | D:1      | Reached XP level 1. HP: 10/10 MP: 3/3
   115 | D:1      | Reached skill level 1 in Fighting
   155 | D:1      | Reached XP level 2. HP: 15/16 MP: 3/5
   158 | D:1      | Learned a level 2 spell: Passwall
   159 | D:1      | Reached skill level 4 in Earth Magic
   797 | D:1      | Reached XP level 3. HP: 20/20 MP: 4/6
   801 | D:1      | Learned a level 3 spell: Stone Arrow
  1464 | D:2      | Reached skill level 1 in Conjurations
  1664 | D:2      | Reached XP level 4. HP: 25/25 MP: 5/7
  2489 | D:3      | Noticed Jessica
  2493 | D:3      | Killed Jessica
  2515 | D:3      | Found a shimmering blue altar of Sif Muna.
  2606 | D:3      | Became a worshipper of Sif Muna the Loreminder
  2705 | D:3      | Found a runed translucent door.
  2705 | D:3      | Noticed lotum's ghost (amateur DEAE)
  2712 | D:3      | Reached XP level 5. HP: 29/29 MP: 6/8
  3118 | D:4      | Noticed a phantom
  3171 | D:4      | Noticed an ice beast
  3174 | D:4      | Killed a phantom
  3175 | D:4      | Reached skill level 5 in Earth Magic
  3175 | D:4      | Reached XP level 6. HP: 31/34 MP: 4/9
  3230 | D:4      | Killed an ice beast
  3231 | D:4      | Reached skill level 5 in Conjurations
  3568 | D:4      | Reached skill level 6 in Earth Magic
  3706 | D:4      | Reached XP level 7. HP: 24/38 MP: 4/10
  3946 | D:5      | Entered Level 5 of the Dungeon
  3969 | D:5      | Reached * piety under Sif Muna
  4053 | D:5      | Noticed sigtrap's ghost (novice KoBr)
  4075 | D:5      | Reached skill level 1 in Invocations
  4157 | D:5      | Found a staircase to the Ecumenical Temple.
  4240 | D:5      | Noticed Sigmund
  4344 | D:5      | Killed Sigmund
  4345 | D:5      | Reached skill level 5 in Invocations
  4345 | D:5      | Reached XP level 8. HP: 43/43 MP: 4/11
  4719 | D:5      | Noticed Grinder
  4729 | D:5      | Killed Grinder
  4730 | D:5      | Reached skill level 7 in Earth Magic
  4843 | D:5      | Found a runed translucent gate.
  4843 | D:5      | Found a runed translucent gate.
  4843 | D:5      | Found a runed translucent gate.
  5112 | D:5      | Identified a scroll of acquirement
  5198 | D:6      | Got the Omnibus of Dislocation
  5258 | D:6      | Noticed Menkaure
  5261 | D:6      | Killed Menkaure
  5262 | D:6      | Reached skill level 8 in Earth Magic
  5762 | D:6      | Found a runed translucent door.
  5763 | D:6      | Noticed Crazy Yiuf
  5969 | D:6      | Noticed Pikel
  5990 | D:6      | Killed Pikel
  5991 | D:6      | Reached skill level 9 in Earth Magic
  5991 | D:6      | Reached XP level 9. HP: 35/47 MP: 6/13
  6054 | D:6      | Noticed Duvessa
  6055 | D:6      | Noticed Dowan
  6173 | D:6      | Killed Duvessa
  6321 | D:6      | Killed Dowan
  6934 | D:6      | Reached skill level 10 in Earth Magic
  6934 | D:6      | Reached ** piety under Sif Muna
  7017 | D:6      | Reached skill level 1 in Armour
  7379 | D:7      | Reached XP level 10. HP: 56/56 MP: 11/15
  7965 | D:8      | Found a shadowy altar of Dithmenos.
  8189 | D:8      | Found a staircase to the Lair.
  8199 | D:8      | Reached skill level 1 in Evocations
  8324 | D:8      | Noticed Maurice
  8351 | D:8      | Killed Maurice
  8680 | D:8      | Noticed a two-headed ogre
  8880 | D:8      | Slain by a two-headed ogre

Illustrated notes

Levels and vault maps discovered:
D:1:      evilmike_arrival_rings, layout_loops_ring, serial_rivers,
          chequers_serial_rivers_marsh, chequers_serial_rivers_micro_e,
          chequers_serial_rivers_small_b, chequers_serial_rivers_micro_e,
          patterned_corridor
D:2:      layout_basic, st_stairs_11
D:3:      layout_loops_ring, tgw_sif, gammafunk_ghost_grave,
          minmay_misc_feat_plants
D:4:      layout_rooms
D:5:      layout_basic, minmay_temple_entry_statues_fountains,
          gammafunk_ghost_icy, uniq_grinder, uniq_sigmund
D:6:      layout_gridville, uniq_pikel, uniq_menkaure, uniq_duvessa,
          uniq_crazy_yiuf_cottage
D:7:      layout_loops_ring
D:8:      layout_basic, good_gods_temple_1, grunt_dithmenos_smoke,
          okawaru_humans, david_lair_generic, grunt_potential, uniq_maurice

Skill      XL: |  1  2  3  4  5  6  7  8  9 10 |
---------------+-------------------------------+-----
Fighting       | 1 3 4 |  4.5
Earth Magic    | 4 5 6 9 10 | 10.1
Conjurations   | 2 3 4 5 6 7 8 |  8.7
Invocations    | 5 6 |  6.0
Spellcasting   | 3 |  3.7
Armour         | 2 4 |  4.1
Evocations     | 4 |  4.6
Dodging        | |  1.5
Stealth        | |  2.1
Transmutations | |  0.7

Action                   |  1- 3 |  4- 6 |  7- 9 | 10-12 || total
-------------------------+-------+-------+-------+-------++-------
Melee: Unarmed           |     8 |       |       |       ||     8
       Staff             |       |     4 |       |     2 ||     6
 Cast: Sandblast         |    42 |    64 |    76 |    11 ||   193
       Stone Arrow       |       |     3 |    55 |    36 ||    94
       Passwall          |       |       |     2 |     1 ||     3
Invok: Channel Magic     |       |       |     1 |       ||     1
  Use: Scroll            |       |     2 |     7 |     1 ||    10
Armor: Robe              |     6 |     9 |    33 |     6 ||    54
Dodge: Dodged            |    11 |    15 |    49 |    12 ||    87

Table legend: (Time is in decaauts)
 A = Elapsed time spent in this place.
 B = Non-inter-level travel time spent in this place.
 C = Inter-level travel time spent in this place.
 D = Time resting spent in this place.
 E = Time spent auto-exploring this place.
 F = Levels seen in this place.
 G = Mean time per level.
                   A        B        C        D        E       F      G
               +--------+--------+--------+--------+--------+-----+--------+
         Total |   8998 |   8784 |    214 |   1402 |   6258 |   8 | 1124.8 |
       Dungeon |   8998 |   8784 |    214 |   1402 |   6258 |   8 | 1124.8 |
               +--------+--------+--------+--------+--------+-----+--------+

Top non-repeatable levels by time:
     D:6: 1602 daAuts
     D:1: 1212 daAuts
     D:5: 1171 daAuts
     D:7: 1077 daAuts
     D:2: 1077 daAuts
     D:3: 1004 daAuts
     D:4: 941 daAuts
     D:8: 911 daAuts
